 Dungeon Sprint DCSS version 0.24-a0-535-gbb0d440 (webtiles) character file.

Game seed: 15601924416755050895

1789 stupendous the Fencer (level 9, -1/69 HPs)
             Began as a Formicid Fighter on Aug 9, 2019.
             Was an Elder of Okawaru.
             Succumbed to Sonja's poison
             ... in the Dungeon (Sprint I: "Red Sonja").
             The game lasted 00:03:14 (725 turns).

stupendous the Fencer (Formicid Fighter)             Turns: 725, Time: 00:03:14

Health: -1/69      AC:  7    Str: 25    XL:     9   Next: 29%
Magic:  9/9        EV: 11    Int:  9    God:    Okawaru [****..]
Gold:   405        SH: 12    Dex: 13    Spells: 8/8 levels left

rFire    . . .     SeeInvis +   a - +0 long sword
rCold    . . .     Gourm    .   c - +0 shield
rNeg     . . .     Faith    .   b - +0 scale mail
rPois    .         Spirit   .   (helmet unavailable)
rElec    .         Reflect  .   (no cloak)
rCorr    .         Harm     .   (no gloves)
MR       .....                  (no boots)
Stlth    ..........             (no amulet)
HPRegen  0.21/turn              (no ring)
MPRegen  0.11/turn              (no ring)

@: mighty, lethally poisoned (-1 -> -34)
A: permanent stasis, dig shafts and tunnels, four strong arms, antennae 3
a: Dig, Heroism, Renounce Religion


You were in the Dungeon.
You worshipped Okawaru.
Okawaru was greatly pleased with you.
You were not hungry.

You visited 1 branch You collected 405 gold pieces.

Inventory:

Hand Weapons
 a - a +0 long sword (weapon)
Armour
 b - a +0 scale mail (worn)
 c - a +0 shield (worn)
Wands
 l - a wand of flame (14)
Scrolls
 k - a scroll of blinking
Potions
 d - a potion of might
 h - a potion of haste
 i - 2 potions of magic
 j - a potion of berserk rage
Comestibles
 f - a ration


   Skills:
 + Level 5.9 Fighting
 * Level 16.0 Long Blades
 + Level 6.0 Armour
 + Level 2.9 Dodging
 - Level 9.6 Shields
 - Level 1.2 Invocations


You had 8 spell levels left.
You didn't know any spells.
Your spell library was empty.

Dungeon Overview and Level Annotations

Branches:
Dungeon (1/1)

Altars:
Cheibriados
Dithmenos
Elyvilon
Fedhas
Gozag
Hepliaklqana
Kikubaaqudgha
Makhleb
Nemelex Xobeh
Okawaru
Qazlal
Ru
Sif Muna
Trog
Uskayaw
Vehumet
Wu Jian
Xom
Yredelemnul
Zin
The Shining One
Jiyva
Lugonu

Shops:
D ?


Innate Abilities, Weirdness & Mutations

You cannot be hasted, slowed, berserked, paralysed or teleported.
You can dig through walls and to a lower floor.
Your four strong arms can wield two-handed weapons with a shield.
You have a pair of large antennae on your head. (SInv)


Message History

You are more poisoned.
Sonja hits you with a +2 dagger of venom.
* * * LOW HITPOINT WARNING * * *
You are more poisoned.
You slash Sonja!
You kill Sonja!
Okawaru is honoured by your kill.
Your Fighting skill increases to level 5!
Your Long Blades skill increases to level 16!
Your Armour skill gained 2 levels and is now at level 6!
Your Dodging skill gained 2 levels and is now at level 2!
You have reached level 9!
Your experience leads to an increase in your attributes!
Your base attributes are Str 20, Int 9, Dex 12.
Increase (S)trength, (I)ntelligence, or (D)exterity?
You feel agile.
* * * LOW HITPOINT WARNING * * *
You feel sick.
Okay, then.
You die...

##########################
#<.#..').#..'..#__#..)...#
#..'[.#..').#..'..'..#...#
#..#####'#####'#__####...+{{
#..####..#...#(#### ####{{
#..#__.###..##(# {
#..#_____##@#_.+ {
#⌠⌠#_.∩...'.)._# {
####_..__##_(#'#
#_____###'#.# ####### #.###
$.$ { $.$ { ##.## { #+# {{


There were no monsters in sight!

Vanquished Creatures
  Sonja (D)
  2 kobold demonologists (D)
  A slime creature (D)
  Sigmund (D)
  A yak (D)
  A floating eye (D)
  An ogre (D)
  A jelly (D)
  Ijyb (D)
10 creatures vanquished.

Vanquished Creatures (others)
  A hornet (D)
1 creature vanquished.

Grand Total: 11 creatures vanquished

Notes
Turn   | Place    | Note
-------+----------+-------------------------------------------
     0 | D        | stupendous the Formicid Fighter began the quest for the
                  | Orb.
     0 | D        | Reached XP level 1. HP: 18/18 MP: 1/1
     1 | D        | Noticed Ijyb
     5 | D        | Killed Ijyb
     5 | D        | Reached skill level 3 in Long Blades
     5 | D        | Reached skill level 5 in Shields
     5 | D        | Reached XP level 2. HP: 25/26 MP: 2/2
     5 | D        | Reached XP level 3. HP: 29/31 MP: 3/3
    18 | D        | Noticed an ogre
    25 | D        | Killed an ogre
    25 | D        | Reached skill level 6 in Long Blades
    25 | D        | Reached XP level 4. HP: 35/38 MP: 4/4
    25 | D        | Reached XP level 5. HP: 40/43 MP: 5/5
    45 | D        | Found a glowing silver altar of Zin.
    45 | D        | Found a white marble altar of Elyvilon.
    45 | D        | Found a bloodstained altar of Trog.
    45 | D        | Found a blossoming altar of Fedhas.
    45 | D        | Found an iron altar of Okawaru.
    45 | D        | Found a stormy altar of Qazlal.
    45 | D        | Found a glowing golden altar of the Shining One.
    45 | D        | Found Qameleci's Magic Scroll Emporium.
    45 | D        | Found an ancient bone altar of Kikubaaqudgha.
    45 | D        | Found a hide-covered altar of Uskayaw.
    45 | D        | Found a hazy altar of Hepliaklqana.
    45 | D        | Found a basalt altar of Yredelemnul.
    45 | D        | Found a snail-covered altar of Cheibriados.
    45 | D        | Found an opulent altar of Gozag.
    45 | D        | Found a sacrificial altar of Ru.
    45 | D        | Found a sparkling altar of Nemelex Xobeh.
    45 | D        | Found a shadowy altar of Dithmenos.
    45 | D        | Noticed a yak
    47 | D        | Became a worshipper of Warmaster Okawaru
    58 | D        | Killed a yak
    58 | D        | Reached * piety under Okawaru
    58 | D        | Reached skill level 9 in Long Blades
    58 | D        | Reached XP level 6. HP: 20/49 MP: 6/6
   235 | D        | Noticed Sigmund
   251 | D        | Killed Sigmund
   251 | D        | Reached skill level 11 in Long Blades
   251 | D        | Reached XP level 7. HP: 42/55 MP: 7/7
   334 | D        | Found a shimmering blue altar of Sif Muna.
   335 | D        | Found an ornate altar of the Wu Jian Council.
   336 | D        | Found a radiant altar of Vehumet.
   338 | D        | Reached skill level 1 in Invocations
   378 | D        | Found a viscous altar of Jiyva.
   378 | D        | Found a corrupted altar of Lugonu.
   378 | D        | Noticed a slime creature
   394 | D        | Killed a slime creature
   394 | D        | Reached skill level 13 in Long Blades
   394 | D        | Killed a hornet
   395 | D        | Found a burning altar of Makhleb.
   395 | D        | Found a shimmering altar of Xom.
   578 | D        | Noticed a kobold demonologist
   579 | D        | Noticed a kobold demonologist
   592 | D        | Killed a kobold demonologist
   592 | D        | Reached ** piety under Okawaru
   592 | D        | Reached skill level 14 in Long Blades
   592 | D        | Reached XP level 8. HP: 61/61 MP: 5/8
   613 | D        | Killed a kobold demonologist
   613 | D        | Reached *** piety under Okawaru
   613 | D        | Reached skill level 15 in Long Blades
   699 | D        | Noticed Sonja
   723 | D        | HP: 3/61 [Sonja/+2 dagger of venom (1)]
   724 | D        | Killed Sonja
   724 | D        | Reached **** piety under Okawaru
   724 | D        | Reached skill level 5 in Fighting
   724 | D        | Reached skill level 16 in Long Blades
   724 | D        | Reached XP level 9. HP: 3/69 MP: 9/9
   724 | D        | HP: 1/69 [poisoned by Sonja]
   725 | D        | Succumbed to Sonja's poison

Levels and vault maps discovered:
D:        dungeon_sprint_1 [red_sonja_temple_1, red_sonja_temple_small_1]

Skill      XL: |  1  2  3  4  5  6  7  8 |
---------------+-------------------------+-----
Fighting       | 4 5 |  5.9
Long Blades    | 3 6 9 11 14 16 | 16.0
Armour         | 4 6 |  6.0
Shields        | 5 7 9 |  9.6
Invocations    | 1 |  1.2
Dodging        | 2 |  2.9

Action                   |  1- 3 |  4- 6 |  7- 9 || total
-------------------------+-------+-------+-------++-------
Melee: Long sword        |    10 |    26 |    66 ||   102
Invok: Heroism           |       |       |     1 ||     1
 Abil: Dig               |       |     1 |       ||     1
  Use: Potion            |       |       |     3 ||     3
Armor: Scale mail        |     2 |     3 |    28 ||    33
Dodge: Dodged            |     2 |     3 |    33 ||    38
Block: Shield            |     2 |     7 |    45 ||    54
       Rpst.: Long sword |     1 |     1 |     3 ||     5

Table legend:
 A = Non-vault XP
 B = Vault XP
 C = Vault XP percentage of total XP
 D = Non-vault monster count
 E = Vault monster count
 F = Vault count percentage of total count
                 A         B        C        D         E       F
            +---------+---------+-------+---------+---------+-------
      Total |       0 |    2557 | 100.0 |       0 |      10 | 100.0
            +---------+---------+-------+---------+---------+-------
          D |       0 |    2557 | 100.0 |       0 |      10 | 100.0
            +---------+---------+-------+---------+---------+-------
